 Dungeon Crawl Stone Soup version 0.21.1-1-g345015f (webtiles) character file.

536 homeworkjunkie the Chopper (level 7, -9/61 HPs)
             Began as a Hill Orc Fighter on Mar 7, 2018.
             Mangled by an ogre
             ... wielding a +0 giant club
              (10 damage)
             ... on level 3 of the Dungeon.
             The game lasted 00:05:29 (2777 turns).

homeworkjunkie the Chopper (Hill Orc Fighter)       Turns: 2777, Time: 00:05:30

Health: -9/61      AC: 13    Str: 20    XL:     7   Next: 25%
Magic:  7/7        EV:  5    Int:  8    God:
Gold:   172        SH: 10    Dex: 14    Spells: 6/6 levels left

rFire    . . .     SeeInvis .   a - +1 war axe
rCold    . . .     Gourm    .   c - +0 shield
rNeg     . . .     Faith    .   j - +0 chain mail
rPois    .         Spirit   .   f - +1 helmet
rElec    .         Reflect  .   n - +0 cloak
rCorr    .         Harm     .   (no gloves)
MR       +....                  (no boots)
Stlth    ..........             (no amulet)
HPRegen  0.20/turn              g - ring of protection from magic
MPRegen  0.10/turn              h - +3 ring of dexterity

@: no status effects
A: no striking features
a: no special abilities


You were on level 3 of the Dungeon.
You were not hungry.

You visited 1 branch of the dungeon, and saw 4 of its levels.

You collected 172 gold pieces.

Inventory:

Hand Weapons
 a - a +1 war axe (weapon)
Armour
 c - a +0 shield (worn)
 f - a +1 helmet (worn)
 j - a +0 chain mail (worn)
 n - a +0 cloak (worn)
Jewellery
 g - a ring of protection from magic (left hand)
 h - a +3 ring of dexterity (right hand)
Wands
 p - a wand of polymorph (11)
Scrolls
 i - 2 scrolls of teleportation
Potions
 b - a potion of invisibility {unknown}
 d - a potion of lignification {unknown}
 l - a potion of brilliance {unknown}
 m - 2 potions of cancellation {unknown}
 o - 2 potions of mutation {unknown}
Comestibles
 k - 2 rations


   Skills:
 * Level 5.2 Fighting
 * Level 6.2 Axes
 * Level 5.2 Armour
 + Level 0.4 Dodging
 + Level 0.1 Stealth
 * Level 4.8 Shields
 * Level 0.4 Evocations


You had 6 spell levels left.
You didn't know any spells.

Dungeon Overview and Level Annotations

Branches:
Dungeon (4/15)
 Temple: D:4-7

Altars:
Dithmenos
Yredelemnul

Shops:
D:4 }

Annotations:
D:4 inc's ghost, weakling FeMo


Message History

The gnoll shaman hits you but does no damage.
You feel better. The gnoll completely misses you.
The ogre hits you with a giant club.
* * * LOW HITPOINT WARNING * * *
The gnoll shaman barely misses you. The gnoll barely misses you.
The ogre barely misses you. You block the gnoll shaman's attack.
You climb upwards.
There is a stone staircase leading down here.
You barely miss the ogre.
The ogre is heavily wounded.
You hit the gnoll shaman.
You kill the gnoll shaman!
The ogre hits you with a giant club!
* * * LOW HITPOINT WARNING * * *
Unknown command.
You hit the ogre.
The ogre is heavily wounded.
The ogre hits you with a giant club!
You die...

#......##....#...)......####.
############....))........##.
###### ####.........#....
#....# #..........##....
#..#.## #.#...#...#...#..
####.#..#######.#...##......##.
#.........#...#...#..#..##.....
#.............).###..#..#......
#............O@.###(...........
####.).....................###.
#................)#.#...#.'.
#.#..........#..........###.
#.#........[..[#.#)#........
#.#.###........#.#)[........
#.#..##.....................
#.##.##............###......
#.##.##............##.......


You could see an ogre.

Vanquished Creatures
  Sigmund (D:2)
  A swamp drake (D:2)
  An ogre (D:3)
  Crazy Yiuf (D:3)
  A gnoll shaman (D:3)
  Natasha (twice) (D:2)
  Terence (D:3)
  A gnoll (D:3)
  2 adders (D:3)
  2 dart slugs (D:1)
  A leopard gecko (D:1)
  3 orcs (D:3)
  2 ball pythons (D:1)
  6 bats
  2 giant cockroaches (D:1)
  4 hobgoblins
  2 frilled lizards
  6 goblins
  A goblin skeleton (D:3)
  10 kobolds
  A kobold zombie (D:3)
  4 rats
55 creatures vanquished.

Vanquished Creatures (others)
  A worm (D:3)
1 creature vanquished.

Grand Total: 56 creatures vanquished

Notes
Turn   | Place    | Note
-------+----------+-------------------------------------------
     0 | D:1      | homeworkjunkie the Hill Orc Fighter began the quest for the Orb.
     0 | D:1      | Reached XP level 1. HP: 19/19 MP: 1/1
   267 | D:1      | Reached XP level 2. HP: 25/27 MP: 2/2
   473 | D:2      | Reached XP level 3. HP: 33/33 MP: 3/3
   488 | D:2      | Noticed Natasha
   491 | D:2      | Reached skill level 3 in Axes
   502 | D:2      | Killed Natasha
   865 | D:3      | Noticed an ogre
   871 | D:3      | Killed an ogre
   871 | D:3      | Reached skill level 4 in Axes
   871 | D:3      | Reached XP level 4. HP: 38/41 MP: 4/4
   871 | D:3      | Reached XP level 5. HP: 44/47 MP: 5/5
   990 | D:3      | Noticed Terence
  1000 | D:3      | Killed Terence
  1037 | D:3      | Noticed a human
  1041 | D:3      | Found a runed door.
  1058 | D:4      | Noticed an ogre
  1214 | D:3      | Found a basalt altar of Yredelemnul.
  1395 | D:4      | Found Toeberasy's Gadget Emporium.
  1395 | D:4      | Noticed inc's ghost (weakling FeMo)
  1449 | D:3      | Found a shadowy altar of Dithmenos.
  1595 | D:3      | Found a runed door.
  1599 | D:3      | Noticed Crazy Yiuf
  1605 | D:3      | Killed Crazy Yiuf
  1605 | D:3      | Reached skill level 5 in Axes
  1605 | D:3      | Reached XP level 6. HP: 23/55 MP: 6/6
  1896 | D:2      | Noticed Natasha
  1904 | D:2      | Killed Natasha
  2230 | D:2      | Noticed Sigmund
  2241 | D:2      | Killed Sigmund
  2241 | D:2      | Reached skill level 5 in Fighting
  2264 | D:2      | Noticed Natasha
  2264 | D:2      | Noticed Natasha
  2264 | D:2      | Natasha changed into Natasha the swamp drake
  2275 | D:2      | Killed Natasha the swamp drake
  2275 | D:2      | Reached skill level 6 in Axes
  2275 | D:2      | Reached skill level 5 in Armour
  2275 | D:2      | Reached XP level 7. HP: 21/61 MP: 7/7
  2770 | D:4      | HP: 2/61 [ogre/giant club (10)]
  2776 | D:3      | HP: 1/61 [ogre/giant club (12)]
  2777 | D:3      | Mangled by an ogre

Skill      XL: |  1  2  3  4  5  6 |
---------------+-------------------+-----
Fighting       | 4 5 |  5.2
Axes           | 4 5 6 |  6.2
Armour         | 4 5 |  5.2
Shields        | 4 |  4.8
Dodging        | |  0.4
Stealth        | |  0.1
Evocations     | |  0.4

Action                   |  1- 3 |  4- 6 |  7- 9 || total
-------------------------+-------+-------+-------++-------
Melee: War axe           |    87 |   106 |    12 ||   205
Evoke: Wand              |       |     1 |     1 ||     2
  Use: Scroll            |     5 |     3 |       ||     8
       Potion            |     1 |       |     2 ||     3
  Eat: Ration            |       |     3 |       ||     3
Armor: Scale mail        |    52 |    20 |       ||    72
       Chain mail        |       |    39 |     9 ||    48
Dodge: Dodged            |    33 |    36 |     7 ||    76
Block: Shield            |    41 |    60 |    16 ||   117
